 Dungeon Crawl Stone Soup version 0.31.0-11-ge490571c62 (webtiles) character file.

Game seed: 13425497888707842745

239 qw the Shooter (level 5, -4/26 HPs)
             Began as a Spriggan Hunter on Feb 4, 2024.
             Slain by a ribbon worm (6 damage)
             ... on level 3 of the Dungeon.
             The game lasted 00:00:40 (2063 turns).

qw the Shooter (Spriggan Hunter)                    Turns: 2063, Time: 00:00:41

Health: -4/26      AC:  2    Str:  7    XL:     5   Next: 79%
Magic:  6/6        EV: 10    Int: 10    God:
Gold:   74         SH:  0    Dex: 21    Spells: 4/4 levels left

rFire   . . .        a - +0 shortbow
rCold   . . .        (shield currently unavailable)
rNeg    . . .        c - +0 robe
rPois   .            (helmet restricted)
rElec   .            (no cloak)
rCorr   .            (gloves unavailable)
SInv    +            (boots unavailable)
Will    .....        (no amulet)
Stlth   ++           (no ring)
HPRegen 0.24/turn    (no ring)
MPRegen 0.10/turn

%: no passive effects
@: held, very quick
A: very small, no large weapons, unfitting armour, see invisible, speed 3
a: no special abilities


You were on level 3 of the Dungeon.
You visited 1 branch of the dungeon, and saw 3 of its levels.

You collected 74 gold pieces.


Innate Abilities, Weirdness & Mutations

You are very small and have problems with some larger weapons.
You are too small for most types of armour.
You have supernaturally acute eyesight. (SInv)
You cover ground extremely quickly. (Speed+++)


   Skills:
 - Level 2.1 Fighting
 - Level 6.0 Ranged Weapons
 + Level 5.0 Dodging
 - Level 1.5 Stealth


You had 4 spell levels left.
You didn't know any spells.
Your spell library was empty.

Inventory:

Hand Weapons
 a - a +0 shortbow (weapon)
Armour
 c - a +0 robe (worn)
 i - a scarf of repulsion
Scrolls
 d - a scroll of acquirement {unknown}
Potions
 b - a potion of might
 e - a potion of curing
 f - a potion of haste {unknown}
 g - a potion of brilliance {unknown}
 h - 2 potions of enlightenment

Dungeon Overview and Level Annotations

Branches:
Dungeon (3/15)

Altars:
Gozag
The Shining One

Shops:
D:3 (


Message History

Found a ring mail.
You now have 74 gold pieces (gained 14).
A ribbon worm comes into view.
You shoot an arrow.
The arrow hits the ribbon worm but does no damage.
You shoot an arrow.
The arrow barely misses the ribbon worm.
You shoot an arrow.
The arrow barely misses the ribbon worm.
You shoot an arrow. The arrow hits the ribbon worm.
The ribbon worm is moderately wounded.
You shoot an arrow.
The arrow barely misses the ribbon worm.
You shoot an arrow. The arrow hits the ribbon worm.
The ribbon worm is moderately wounded.
The ribbon worm expels a string of sticky webbing.
The stream of webbing hits you but does no damage.
You are caught in a web!
The ribbon worm completely misses you. The ribbon worm closely misses you.
The ribbon worm bites you. The ribbon worm bites you.
The ribbon worm bites you. The ribbon worm bites you!
The ribbon worm expels a string of sticky webbing.
The stream of webbing hits you but does no damage.
You are even more entangled.
The ribbon worm closely misses you.
Enter note:
Enter note:
Enter note:
Enter note:
Enter note:
Enter note: You struggle to detach yourself from the web.
The ribbon worm bites you!
You hear the rusting of a drain.
The ribbon worm bites you but does no damage.
The ribbon worm bites you.
You die...

##..>#..# ##....###
####....>..###...### #
...........##...## #
[..........##..#######
#.......#######.....
#......%............
##......########.....
#..!.....# ######
##.!@....# #..w....#
#......## #.#...##
#..#.### +.##.# .. ..#
....###


You could see a ribbon worm.

Vanquished Creatures
  A scorpion (D:3)
  A bombardier beetle (D:3)
  2 orc wizards
  3 adders
  4 dart slugs
  3 ribbon worms
  2 orcs (D:3)
  9 endoplasms
  2 giant cockroaches
  3 goblins
  2 hobgoblins
  3 jackals (D:2)
  5 kobolds
  2 quokkas
  5 ball pythons
  9 bats
  2 frilled lizards (D:3)
  7 rats
65 creatures vanquished.

Notes
Turn   | Place    | Note
-------+----------+-------------------------------------------
     0 | D:1      | qw the Spriggan Hunter began the quest for the Orb.
     0 | D:1      | Reached XP level 1. HP: 10/10 MP: 2/2
     0 | D:1      | 0 ||| qw: Version: 0.3-a-160-g6735b56
     0 | D:1      | 0 ||| qw: Game counter: 6098
     0 | D:1      | 0 ||| qw: Melee chars always use a shield: true
     0 | D:1      | 0 ||| qw: God list: Okawaru
     0 | D:1      | 0 ||| qw: Allow faded altars: false
     0 | D:1      | 0 ||| qw: Do Orc after clearing Dungeon:15 true
     0 | D:1      | 0 ||| qw: Do second Lair branch before Depths: true
     0 | D:1      | 0 ||| qw: Lair rune preference: random
     0 | D:1      | 0 ||| qw: Goals: Normal
     0 | D:1      | 0 ||| PLANNING D:1-11
    93 | D:1      | Reached skill level 3 in Dodging
   288 | D:1      | Reached XP level 2. HP: 14/14 MP: 3/3
   698 | D:1      | 698 ||| READING 2 scrolls labelled ROX YBODUTRACI.
   698 | D:1      | 698 ||| IDENTIFYING lumpy coppery potion
   699 | D:1      | 699 ||| READING scroll of identify.
   699 | D:1      | 699 ||| IDENTIFYING fuming emerald potion
   700 | D:1      | 700 ||| READING scroll labelled SUSEUNL JEIBEE.
   700 | D:1      | 700 ||| ENCHANTING +0 shortbow.
   701 | D:1      | 701 ||| DROPPING scroll of butterflies.
   702 | D:1      | 702 ||| DROPPING potion of ambrosia.
   817 | D:2      | Reached XP level 3. HP: 18/18 MP: 4/4
  1121 | D:2      | Reached skill level 5 in Ranged Weapons
  1382 | D:2      | Reached XP level 4. HP: 22/22 MP: 5/5
  1516 | D:2      | 1516 ||| READING scroll of identify.
  1516 | D:2      | 1516 ||| IDENTIFYING bubbling purple potion
  1517 | D:2      | 1517 ||| READING scroll labelled EQIPIMM AZAYC.
  1518 | D:2      | 1518 ||| READING 2 scrolls labelled NOPTYMAUMU.
  1519 | D:2      | 1519 ||| READING scroll labelled NESSAU RUAXELI.
  1520 | D:2      | 1520 ||| READING scroll labelled TAFIOJUI QUREM.
  1621 | D:2      | 1621 ||| DRINKING 2 golden potions.
  1622 | D:2      | 1622 ||| DRINKING 2 murky yellow potions.
  1623 | D:2      | 1623 ||| DROPPING scroll of blinking.
  1624 | D:2      | 1624 ||| DROPPING potion of invisibility.
  1638 | D:3      | 1638 ||| PLANNING SEWER
  1643 | D:3      | 1643 ||| STAIRDANCE
  1734 | D:3      | Found Busug's Weapon Emporium.
  1783 | D:3      | Reached XP level 5. HP: 26/26 MP: 6/6
  1897 | D:3      | Found a glowing golden altar of the Shining One.
  1973 | D:3      | Found an opulent altar of Gozag.
  2030 | D:3      | Reached skill level 6 in Ranged Weapons
  2061 | D:3      | HP: 2/26 [ribbon worm (7)]
  2063 | D:3      | Slain by a ribbon worm

Levels and vault maps discovered:
D:1:      dpeg_arrival_three_smaller_balls, layout_loops_ring
D:2:      layout_loops_corners
D:3:      layout_rooms, tso_oasis_becter, grunt_gozag_statues,
          gup_sewer_entry_bowl, serial_shops, nicolae_shop_hallway_plus,
          minivault_25, hangedman_decor_peaks_small, uniq_crazy_yiuf_cottage

Skill      XL: |  1  2  3  4  5 |
---------------+----------------+-----
Dodging        | 3 4 5 |  5.0
Ranged Weapons | 5 6 |  6.0
Fighting       | 2 |  2.1
Stealth        | |  1.5

Action                     |  1- 3 |  4- 6 || total
---------------------------+-------+-------++-------
   Fire: Shortbow          |   103 |   104 ||   207
    Use: Scroll            |     3 |     5 ||     8
         Potion            |       |     2 ||     2
 Armour: Robe              |    11 |    14 ||    25
  Dodge: Dodged            |    20 |    30 ||    50

Table legend:
 A = Non-vault XP
 B = Vault XP
 C = Vault XP percentage of total XP
 D = Non-vault monster count
 E = Vault monster count
 F = Vault count percentage of total count
                 A         B        C        D         E       F
            +---------+---------+-------+---------+---------+-------
      Total |     342 |       0 |   0.0 |      65 |       0 |   0.0
            +---------+---------+-------+---------+---------+-------
        D:1 |      29 |       0 |   0.0 |      18 |       0 |   0.0
        D:2 |     116 |       0 |   0.0 |      29 |       0 |   0.0
        D:3 |     197 |       0 |   0.0 |      18 |       0 |   0.0
            +---------+---------+-------+---------+---------+-------
